Map: Rhoskallian LE

Players

KrOnUs - Winner!

  • Race: Protoss Protoss
  • Spawn Location: 5:00

meh - Winner!

  • Race: Zerg Zerg
  • Spawn Location: 6:00

Massa

  • Race: Terran Terran
  • League: Platinum
  • Spawn Location: 11:00

qqq

  • Race: Zerg Zerg
  • Spawn Location: 12:00

VOD

Have the link to the VOD?

Description

Time

  • Played on: Feb. 25, 2021, 3:21 p.m.
  • Length: 11:44
Show
View Real Time Build Order
Export as new Build Order

KrOnUs Protoss - Winner!

Build Orders:  

Get SALT Encoding   

  12  0:02  Probe  
  13  0:15  Probe  
  13  0:21  Pylon  
  14  0:28  Probe  
  15  0:39  Forge  
  15  0:42  Probe (Chrono Boost)  
  16  0:52  Probe (Chrono Boost)  
  17  0:57  Probe (Chrono Boost)  
  18  1:24  Pylon  
  18  1:38  Pylon  
  18  1:40  Probe  
  18  1:56  Probe  
  19  2:08  Probe (Chrono Boost)  
  20  2:14  Gateway  
  19  2:15  Assimilator  
  19  2:18  Assimilator  
  19  2:20  Probe (Chrono Boost)  
  19  2:22  Nexus  
  20  2:26  Probe (Chrono Boost)  
  21  2:31  Pylon  
  21  2:37  Probe (Chrono Boost)  
  22  2:45  Pylon  
  22  2:49  Probe (Chrono Boost)  
  23  2:56  Probe (Chrono Boost)  
  24  3:03  Probe (Chrono Boost), Cybernetics Core  
  25  3:15  Probe (Chrono Boost)  
  26  3:21  Assimilator  
  26  3:22  Probe (Chrono Boost)  
  27  3:29  Assimilator  
  27  3:30  Probe  
  28  3:36  Probe (Chrono Boost)  
  29  3:42  Probe (Chrono Boost)  
  29  3:47  Stargate  
  31  3:54  Probe x2 (Chrono Boost)  
  32  3:59  Probe (Chrono Boost)  
  32  4:01  Probe (Chrono Boost)  
  34  4:08  Probe  
  35  4:10  Stargate  
  35  4:12  Probe  
  36  4:20  Probe (Chrono Boost)  
  37  4:24  Probe (Chrono Boost)  
  37  4:27  Void Ray  
  38  4:36  Probe (Chrono Boost)  
  38  4:37  Nexus  
  44  4:38  Probe (Chrono Boost)  
  44  4:39  Pylon  
  44  4:42  Probe (Chrono Boost)  
  44  4:45  Probe (Chrono Boost)  
  46  4:49  Void Ray (Chrono Boost)  
  46  4:50  Probe  
  47  4:56  Probe  
  52  5:03  Probe  
  53  5:07  Pylon  
  53  5:08  Probe  
  53  5:10  Void Ray (Chrono Boost)  
  54  5:15  Probe  
  54  5:20  Probe  
  60  5:23  Protoss Air Weapons Level 1 (Chrono Boost)  
  60  5:28  Probe  
  60  5:32  Void Ray (Chrono Boost)  
  60  5:33  Probe  
  66  5:40  Probe  
  67  5:43  Void Ray  
  67  5:44  Stargate  
  67  5:45  Probe  
  72  5:50  Pylon  
  72  5:52  Assimilator  
  72  5:53  Probe x2  
  74  5:57  Probe (Chrono Boost)  
  75  6:05  Probe (Chrono Boost)  
  75  6:06  Fleet Beacon  
  75  6:08  Probe (Chrono Boost)  
  75  6:09  Assimilator  
  75  6:11  Void Ray  
  77  6:16  Probe (Chrono Boost)  
  77  6:18  Probe (Chrono Boost)  
  83  6:19  Probe (Chrono Boost)  
  83  6:21  Probe (Chrono Boost)  
  83  6:23  Void Ray  
  85  6:26  Probe  
  85  6:27  Probe  
  85  6:31  Probe  
  92  6:35  Flux Vanes  
  92  6:38  Probe  
  93  6:45  Pylon  
  93  6:48  Pylon  
  93  6:56  Cybernetics Core  
  93  6:57  Void Ray  
  93  7:00  Void Ray  
  93  7:03  Probe x3  
  93  7:06  Phoenix  
  106  7:22  Shield Battery  
  106  7:23  Probe x2, Shield Battery  
  106  7:24  Shield Battery  
  106  7:26  Shield Battery  
  108  7:30  Probe  
  108  7:34  Protoss Air Weapons Level 2 (Chrono Boost)  
  109  8:25  Probe  
  108  8:28  Phoenix x2  
  108  8:31  Phoenix  
  106  8:43  Probe x2  
  106  8:45  Probe  
  109  8:59  Pylon  
  109  9:00  Protoss Air Armor Level 1 (Chrono Boost)  
  109  9:01  Pylon  
  109  9:03  Pylon  
  109  9:04  Pylon  
  109  9:05  Pylon  
  109  9:09  Nexus  
  109  9:12  Pylon  
  109  9:15  Pylon  
  109  9:16  Protoss Shields Level 1 (Chrono Boost), Phoenix x3  
  109  9:17  Probe  
  116  9:18  Assimilator  
  116  9:22  Pylon, Assimilator  
  116  9:24  Anion Pulse-Crystals, Pylon  
  116  9:31  Nexus  
  116  9:32  Pylon  
  116  9:34  Pylon  
  116  9:37  Assimilator  
  116  9:41  Phoenix x3, Assimilator  
  122  10:06  Phoenix x3  
  108  10:31  Phoenix x3  
  114  10:56  Phoenix (Chrono Boost)  
  114  10:57  Phoenix (Chrono Boost)  
  120  11:03  Phoenix (Chrono Boost)  
  120  11:17  Phoenix x2 (Chrono Boost)  
  124  11:22  Phoenix (Chrono Boost)  
  126  11:26  Probe x3  
Show
View Real Time Build Order
Export as new Build Order

meh Zerg - Winner!

Build Orders: Hatch First 

Get SALT Encoding   

  12  0:02  Drone  
  13  0:13  Overlord  
  13  0:18  Drone  
  14  0:32  Drone x2  
  16  0:50  Hatchery  
  15  0:58  Drone x2  
  15  1:00  Drone  
  18  1:05  Extractor  
  17  1:18  Spawning Pool  
  16  1:20  Drone  
  17  1:26  Drone  
  18  1:34  Drone  
  19  1:42  Overlord  
  19  1:53  Drone  
  20  2:03  Drone x2  
  20  2:07  Queen  
  24  2:14  Zergling x4  
  26  2:17  Metabolic Boost  
  26  2:27  Queen  
  28  2:31  Drone x2  
  30  2:41  Drone x2  
  32  2:55  Drone x2  
  34  3:25  Lair  
  34  3:28  Evolution Chamber  
  34  3:29  Drone x3  
  36  3:43  Overlord  
  36  3:45  Overlord  
  36  3:59  Overlord  
  36  4:01  Queen, Overlord  
  38  4:03  Hatchery, Overlord  
  38  4:04  Drone x7  
  44  4:22  Drone x4  
  47  4:33  Drone x3  
  47  4:36  Queen  
  47  4:37  Extractor  
  51  4:39  Extractor  
  50  4:46  Baneling Nest  
  50  4:49  Pneumatized Carapace, Evolution Chamber, Overlord  
  50  4:50  Extractor  
  47  4:58  Overlord  
  47  5:01  Drone x5  
  47  5:02  Drone  
  53  5:12  Zerg Ground Armor Level 1  
  53  5:16  Zerg Melee Weapons Level 1  
  53  5:17  Queen  
  55  5:29  Spore Crawler  
  55  5:30  Spore Crawler  
  55  5:31  Centrifical Hooks, Queen  
  55  5:34  Baneling x3  
  55  5:38  Zergling x8  
  55  5:40  Drone x2  
  61  5:43  Overlord  
  61  5:47  Zergling x4  
  63  5:50  Overseer  
  62  6:28  Zergling x12  
  68  6:34  Baneling  
  68  6:47  Infestation Pit  
  67  6:58  Extractor  
  65  7:01  Overlord x2  
  65  7:03  Zergling x12  
  65  7:04  Zergling x6  
  65  7:08  Spore Crawler x2  
  72  7:11  Spore Crawler  
  71  7:15  Spore Crawler  
  71  7:18  Zergling x16  
  78  7:25  Zergling x16  
  78  7:26  Zergling x2  
  84  7:37  Zergling x2  
  84  7:38  Zergling x8  
  68  8:03  Zergling x2  
  68  8:05  Zergling x10  
  70  8:06  Zergling x8  
  70  8:09  Zerg Melee Weapons Level 2  
  70  8:10  Zerg Ground Armor Level 2  
  78  8:15  Zergling x14  
  78  8:16  Zergling x2  
  77  8:26  Drone x3  
  76  8:32  Drone  
  77  8:45  Nydus Network  
  77  8:48  Hive  
  76  9:02  Drone x3  
  79  9:14  Hatchery  
  78  9:20  Drone x2  
  78  9:21  Drone  
  81  9:28  Zergling x18  
  90  9:34  Nydus Canal  
  90  9:38  Zergling x2  
  90  9:39  Zergling x6  
  94  10:00  Zergling x22  
  94  10:03  Zergling x2  
  94  10:04  Zergling x2  
  98  10:10  Zergling x2  
  98  10:11  Zergling x4  
  84  10:30  Zergling x2  
  84  10:31  Zergling x10  
  77  10:43  Zergling x6  
  77  10:44  Zergling x12  
  73  10:58  Baneling x4  
  73  11:00  Baneling x2  
  73  11:02  Baneling  
  61  11:18  Zergling x14  
  64  11:40  Ultralisk Cavern  
Show
View Real Time Build Order
Export as new Build Order

Massa Terran 

Build Orders: Reaper Expand 

Get SALT Encoding   

  12  0:00  SCV  
  13  0:12  SCV  
  14  0:23  Supply Depot  
  14  0:24  SCV  
  15  0:44  SCV  
  15  0:46  Barracks  
  15  0:49  Refinery  
  17  0:57  SCV  
  17  1:09  SCV  
  18  1:31  Barracks  
  18  1:36  Reaper  
  19  1:46  Supply Depot x2  
  20  1:54  Orbital Command  
  19  2:07  Marine  
  20  2:30  Barracks Tech Lab  
  20  2:45  Barracks Reactor  
  20  2:46  Command Center  
  20  3:08  Supply Depot  
  20  3:09  Factory  
  19  3:43  Marine x2  
  19  3:48  Stimpack  
  21  3:51  Refinery  
  21  3:53  SCV  
  22  3:56  Marauder  
  24  4:05  SCV  
  25  4:10  Supply Depot  
  25  4:12  Supply Depot  
  25  4:14  Factory Tech Lab  
  25  4:17  Orbital Command  
  25  4:18  SCV  
  26  4:30  SCV  
  27  4:33  Supply Depot  
  27  4:35  Marauder, Marine x2  
  31  4:40  Siege Tank  
  34  4:50  Barracks  
  34  4:54  Barracks  
  34  4:56  Marine  
  34  4:57  Marauder  
  37  5:12  Siege Tank  
  37  5:13  Marine  
  41  5:14  Marine  
  41  5:17  SCV x2  
  41  5:18  Marine  
  45  5:29  SCV x2  
  45  5:33  Starport  
  47  5:43  Barracks Reactor  
  47  5:44  Refinery  
  47  5:47  Refinery  
  47  5:49  Marauder, Marine x2  
  51  5:51  Barracks Tech Lab  
  51  5:58  Concussive Shells  
  51  6:01  SCV  
  51  6:02  SCV  
  53  6:13  SCV  
  53  6:14  SCV  
  55  6:24  Widow Mine  
  57  6:26  SCV  
  57  6:32  Medivac  
  57  6:33  Barracks Reactor, Medivac  
  61  6:41  Marine  
  61  6:42  Marauder x2, Marine  
  66  6:58  SCV x2  
  66  6:59  Marine  
  69  7:02  Combat Shield  
  69  7:04  Siege Tank  
  69  7:06  Marauder, Marine  
  75  7:10  SCV x2  
  77  7:17  Marine  
  78  7:25  Supply Depot  
  78  7:26  Supply Depot  
  78  7:46  Marauder x2, Marine x4  
  78  7:48  SCV  
  68  8:00  Cyclone  
  68  8:03  SCV x2  
  68  8:04  Marine x2  
  75  8:07  Medivac  
  75  8:08  Marauder x2, Medivac  
  83  8:15  SCV x2  
  83  8:27  SCV, Marine x4  
  83  8:29  Marauder, Marine  
  90  8:44  Marine x2  
  90  8:45  Marine  
  90  8:47  Engineering Bay  
  93  8:49  Engineering Bay  
  93  8:50  Armory  
  93  9:10  Marine  
  94  9:19  Supply Depot x2  
  94  9:20  Terran Infantry Armor Level 1, Terran Infantry Weapons Level 1  
  94  9:37  Marine x2, Medivac x2  
  94  9:38  Marauder  
  102  9:41  Marauder, Marine x2, Siege Tank  
  102  9:43  Supply Depot  
  102  9:45  Barracks, Supply Depot  
  109  9:51  Barracks  
  109  9:59  Marauder, Command Center  
  111  10:01  Marine x3  
  111  10:03  Marauder  
  113  10:21  Marauder  
  113  10:24  Marauder  
  107  10:39  Barracks Reactor, Barracks Tech Lab, Marine x4  
  107  10:42  Marauder  
  95  10:45  Marauder  
  84  10:57  SCV, Marine x4  
  73  10:59  SCV  
  73  11:03  Marauder  
  59  11:07  Marauder  
  59  11:09  SCV  
  62  11:14  Marine  
  62  11:15  Marauder, Marine  
  65  11:21  SCV  
Show
View Real Time Build Order
Export as new Build Order

qqq Zerg 

Build Orders: Hatch First 

Get SALT Encoding   

  12  0:05  Drone  
  13  0:09  Drone  
  14  0:18  Overlord  
  14  0:34  Overlord  
  14  0:52  Hatchery  
  13  0:58  Drone  
  13  1:00  Drone  
  15  1:04  Drone  
  16  1:18  Overlord  
  16  1:20  Drone  
  17  1:49  Drone x2  
  19  2:01  Spawning Pool  
  19  2:08  Drone  
  19  2:14  Extractor  
  19  2:15  Drone  
  19  2:17  Drone  
  20  2:34  Drone x4  
  24  2:45  Drone x2  
  26  2:51  Drone x2  
  30  3:00  Queen  
  30  3:03  Drone  
  33  3:05  Drone  
  33  3:12  Drone  
  35  3:13  Drone  
  36  3:28  Lair  
  36  3:31  Drone x3  
  36  3:32  Drone  
  37  3:36  Queen  
  39  3:42  Extractor  
  39  3:44  Extractor, Drone  
  39  3:45  Extractor, Drone  
  38  3:52  Drone x2  
  40  4:04  Drone x2  
  42  4:16  Drone x2  
  44  4:17  Overlord  
  44  4:18  Overlord  
  44  4:39  Drone, Spire  
  44  4:41  Drone x3  
  47  4:49  Drone x2  
  47  4:50  Drone x3  
  47  4:51  Drone  
  47  4:52  Overlord x2  
  53  5:09  Hatchery, Overlord x2  
  52  5:20  Spore Crawler  
  51  5:24  Spore Crawler  
  50  5:32  Drone x3, Overlord  
  50  5:33  Overlord  
  53  5:49  Infestation Pit  
  52  5:51  Mutalisk x2  
  52  5:52  Mutalisk x2, Corruptor x2  
  52  5:53  Mutalisk x2  
  52  5:56  Mutalisk, Zerg Flyer Weapons Level 1  
  70  6:06  Drone x2  
  70  6:08  Corruptor  
  74  6:28  Mutalisk x2  
  74  6:29  Drone x3  
  74  6:31  Spine Crawler  
  74  6:32  Spine Crawler  
  79  6:34  Queen  
  79  6:35  Drone x3, Spine Crawler  
  79  6:36  Drone x3  
  86  6:42  Hive  
  86  6:47  Corruptor  
  88  7:04  Corruptor x2  
  88  7:06  Zergling x4, Overlord x3  
  92  7:17  Corruptor  
  92  7:19  Drone x2  
  92  7:22  Extractor  
  95  7:23  Extractor  
  94  7:41  Corruptor x3  
  100  7:54  Mutalisk  
  98  8:06  Corruptor  
  98  8:07  Overlord x3  
  98  8:08  Drone x2, Overlord x2  
  94  8:20  Corruptor  
  94  8:21  Corruptor  
  78  8:35  Corruptor  
  78  8:36  Corruptor  
  78  8:37  Drone x3  
  83  8:44  Spore Crawler  
  82  8:49  Drone x3  
  85  8:56  Corruptor  
  85  8:59  Zerg Flyer Armor Level 1  
  87  9:02  Hatchery  
  87  9:03  Drone x4  
  88  9:10  Hatchery  
  88  9:15  Spore Crawler  
  86  9:22  Queen  
  86  9:23  Mutalisk x4  
  94  9:30  Drone x4  
  94  9:31  Drone  
  101  9:36  Mutalisk x2  
  101  9:38  Mutalisk  
  107  9:50  Viper  
  77  10:16  Corruptor x3  
  71  10:23  Drone  
  71  10:24  Drone x5  
  74  10:33  Spine Crawler  
  74  10:34  Spine Crawler  
  72  10:36  Spine Crawler  
  72  10:41  Drone x4  
  72  10:42  Spine Crawler  
  74  10:47  Drone x3  
  76  11:03  Drone x5  
  82  11:04  Drone x2  
  82  11:05  Corruptor  
  82  11:06  Corruptor x3  
  91  11:12  Hatchery  
  73  11:32  Spawning Pool  
Tags
 
Add a new tag
Caveats
  • Supply blocks, unpowered buildings, or Contaminate may cause inaccurate times.
  • Supply counts are checked every 10 seconds.